NCAA
VIRGINIA TECH HOKIES @ BOSTON COLLEGE EAGLES
05/08/2030
 
TOP OF THE 1ST
Virginia Tech Hokies batting - Pitching for Boston College Eagles : RHP Dave White
Pitching: RHP Dave White
Batting: RHB Octávio Ramérez 0-0: Called Strike
0-1: Fly out, F4 (Popup, 4D)
Batting: RHB Ted Stout 0-0: Swinging Strike
0-1: DOUBLE (Line Drive, 7LD)
Batting: RHB Eric Clay 0-0: Foul Ball, location: 2F
0-1: Ball
1-1: Ball
2-1: Swinging Strike
2-2: Ball
3-2: Ground out 4-3 (Groundball, 4)
Ted Stout to third
Batting: RHB Dusty Green 0-0: Swinging Strike
0-1: Ball
1-1: Fly out, F9 (Line Drive, 9)
Top of the 1st over - 0 runs, 1 hit, 0 errors, 1 left on base; Virginia Tech 0 - Boston College 0
BOTTOM OF THE 1ST
Boston College Eagles batting - Pitching for Virginia Tech Hokies : RHP Ken Turner
Pitching: RHP Ken Turner
Batting: RHB Johnny Robertson 0-0: Foul Ball, location: 2F
0-1: Fly out, F3 (Popup, 3F)
Batting: SHB Héctor Arteago 0-0: Foul Ball, location: 2F
0-1: Swinging Strike
0-2: Foul Ball, location: 2F
0-2: Ball
1-2: Foul Ball, location: 2F
1-2: Fly out, F6 (Popup, 6)
Batting: SHB Marvin MacGeoch 0-0: SINGLE (Line Drive, 34D)
Batting: RHB Steve Neal 0-0: Called Strike
0-1: Ball
1-1: Ball
2-1: Ball
3-1: Fly out, F8 (Flyball, 78D)
Bottom of the 1st over - 0 runs, 1 hit, 0 errors, 1 left on base; Virginia Tech 0 - Boston College 0
TOP OF THE 2ND
Virginia Tech Hokies batting - Pitching for Boston College Eagles : RHP Dave White
Batting: LHB Ben Webb 0-0: Called Strike
0-1: Ball
1-1: Foul Ball, location: 2F
1-2: Strikes out swinging
Batting: SHB Junior Campbell 0-0: Ball
1-0: Swinging Strike
1-1: Foul Ball, location: 2F
1-2: Foul Ball, location: 2F
1-2: Strikes out swinging
Batting: RHB Jake Holmes 0-0: Called Strike
0-1: Fly out, F7 (Flyball, 78D)
Top of the 2nd over - 0 runs, 0 hits, 0 errors, 0 left on base; Virginia Tech 0 - Boston College 0
BOTTOM OF THE 2ND
Boston College Eagles batting - Pitching for Virginia Tech Hokies : RHP Ken Turner
Batting: SHB Walt Gómez 0-0: Ball
1-0: Fly out, F6 (Line Drive, 6)
Batting: RHB Fernando Rosales 0-0: Ball
1-0: Called Strike
1-1: SINGLE (Flyball, 4MD)
Batting: LHB Porter Butler 0-0: Ball
1-0: Ball
2-0: SINGLE (Groundball, 6MD)
Fernando Rosales to second
Batting: RHB Chris West 0-0: Ground out 4-3 (Groundball, 4MS)
Fernando Rosales to third
Porter Butler to second
Batting: RHB Shawn Hanner 0-0: Fly out, F9 (Flyball, 9S)
Bottom of the 2nd over - 0 runs, 2 hits, 0 errors, 2 left on base; Virginia Tech 0 - Boston College 0
TOP OF THE 3RD
Virginia Tech Hokies batting - Pitching for Boston College Eagles : RHP Dave White
Batting: RHB Robbie Weatherdon 0-0: Called Strike
0-1: Ball
1-1: Ground out U3 (Groundball, 34)
Batting: RHB Tim Wise 0-0: Ball
1-0: Foul Ball, location: 2F
1-1: Fly out, F7 (Flyball, 7LSF)
Batting: RHB Octávio Ramérez 0-0: Called Strike
0-1: Ball
1-1: Foul Ball, location: 2F
1-2: Ball
2-2: Ball
3-2: Foul Ball, location: 2F
3-2: Base on Balls
Batting: RHB Ted Stout 0-0: Ball
1-0: Foul Ball, location: 2F
1-1: Ground out 4-3 (Groundball, 4)
Top of the 3rd over - 0 runs, 0 hits, 0 errors, 1 left on base; Virginia Tech 0 - Boston College 0
BOTTOM OF THE 3RD
Boston College Eagles batting - Pitching for Virginia Tech Hokies : RHP Ken Turner
Batting: RHB Johnny Robertson 0-0: Called Strike
0-1: Ball
1-1: Ball
2-1: Ball
3-1: Called Strike
3-2: Strikes out looking
Batting: SHB Héctor Arteago 0-0: Ball
1-0: Swinging Strike
1-1: Ball
2-1: Fly out, F7 (Flyball, 7S)
Batting: SHB Marvin MacGeoch 0-0: Fly out, F3 (Line Drive, 3S)
Bottom of the 3rd over - 0 runs, 0 hits, 0 errors, 0 left on base; Virginia Tech 0 - Boston College 0
TOP OF THE 4TH
Virginia Tech Hokies batting - Pitching for Boston College Eagles : RHP Dave White
Batting: RHB Eric Clay 0-0: Called Strike
0-1: Foul Ball, location: 2F
0-2: Fly out, F3 (Popup, 3)
Batting: RHB Dusty Green 0-0: Ball
1-0: Ball
2-0: Swinging Strike
2-1: Called Strike
2-2: Ball
3-2: Foul Ball, location: 2F
3-2: Base on Balls
Batting: LHB Ben Webb 0-0: Ball
1-0: Foul Ball, location: 2F
1-1: Ball
2-1: Fly out, F9 (Flyball, 9D)
Batting: SHB Junior Campbell 0-0: Ground out 4-3 (Groundball, 4)
Top of the 4th over - 0 runs, 0 hits, 0 errors, 1 left on base; Virginia Tech 0 - Boston College 0
BOTTOM OF THE 4TH
Boston College Eagles batting - Pitching for Virginia Tech Hokies : RHP Ken Turner
Batting: RHB Steve Neal 0-0: Ball
1-0: Swinging Strike
1-1: Ball
2-1: SINGLE (Line Drive, 34D)
Batting: SHB Walt Gómez 0-0: Ball
1-0: Called Strike
Steve Neal steals 2nd base
1-1: Called Strike
1-2: Strikes out swinging
Batting: RHB Fernando Rosales 0-0: Called Strike
0-1: Foul Ball, location: 2F
0-2: Ball
1-2: Ground out U3 (Groundball, 34)
Steve Neal to third
Batting: LHB Porter Butler 0-0: Ball
1-0: Called Strike
1-1: Called Strike
1-2: Ball
2-2: Foul Ball, location: 2F
2-2: Ball
3-2: SINGLE (Groundball, 34S) (infield hit)
Steve Neal scores
Batting: RHB Chris West 0-0: Foul Ball, location: 2F
0-1: Swinging Strike
0-2: Ball
1-2: Strikes out swinging
Bottom of the 4th over - 1 run, 2 hits, 0 errors, 1 left on base; Virginia Tech 0 - Boston College 1
TOP OF THE 5TH
Virginia Tech Hokies batting - Pitching for Boston College Eagles : RHP Dave White
Batting: RHB Jake Holmes 0-0: Ball
1-0: Foul Ball, location: 2F
1-1: Fly out, F9 (Flyball, 9S)
Batting: RHB Robbie Weatherdon 0-0: Ball
1-0: Ball
2-0: Called Strike
2-1: Fly out, F7 (Flyball, 78D)
Batting: RHB Tim Wise 0-0: SINGLE (Groundball, 6MD)
Batting: RHB Octávio Ramérez 0-0: Ball
1-0: Ball
2-0: Called Strike
2-1: Ball
3-1: Base on Balls
Tim Wise to second
Batting: RHB Ted Stout 0-0: Called Strike
0-1: Hit by Pitch
Tim Wise to third
Octávio Ramérez to second
Batting: RHB Eric Clay 0-0: Ball
1-0: Called Strike
1-1: Ball
2-1: Foul Ball, location: 2F
2-2: Strikes out looking
Top of the 5th over - 0 runs, 1 hit, 0 errors, 3 left on base; Virginia Tech 0 - Boston College 1
BOTTOM OF THE 5TH
Boston College Eagles batting - Pitching for Virginia Tech Hokies : RHP Ken Turner
Batting: RHB Shawn Hanner 0-0: Ball
1-0: Ground out 4-3 (Groundball, 4)
Batting: RHB Johnny Robertson 0-0: Ball
1-0: Ball
2-0: Called Strike
2-1: Fly out, F9 (Flyball, 9)
Batting: SHB Héctor Arteago 0-0: Called Strike
0-1: Ground out 5-3 (Groundball, 56)
Bottom of the 5th over - 0 runs, 0 hits, 0 errors, 0 left on base; Virginia Tech 0 - Boston College 1
TOP OF THE 6TH
Virginia Tech Hokies batting - Pitching for Boston College Eagles : RHP Dave White
Batting: RHB Dusty Green 0-0: Called Strike
0-1: Swinging Strike
0-2: Foul Ball, location: 2F
0-2: Strikes out swinging
Batting: LHB Ben Webb 0-0: Called Strike
0-1: SINGLE (Line Drive, 7LM)
Pitching: RHP Roy McWalter
Batting: SHB Junior Campbell 0-0: Ball
1-0: Ball
2-0: SINGLE (Flyball, 9LS)
Ben Webb to second
Batting: RHB Jake Holmes 0-0: SINGLE (Groundball, 6) (infield hit)
Ben Webb to third
Junior Campbell to second
Batting: RHB Robbie Weatherdon 0-0: Called Strike
0-1: Ball
1-1: Foul Ball, location: 2F
1-2: Strikes out swinging
Batting: RHB Tim Wise 0-0: Swinging Strike
0-1: GRAND SLAM HOME RUN (Flyball, 78XD), Distance : 384 ft
Pitching: RHP Bobby Moody
Batting: RHB Octávio Ramérez 0-0: Fly out, F9 (Line Drive, 9)
Top of the 6th over - 4 runs, 4 hits, 0 errors, 0 left on base; Virginia Tech 4 - Boston College 1
BOTTOM OF THE 6TH
Boston College Eagles batting - Pitching for Virginia Tech Hokies : RHP Ken Turner
Batting: SHB Marvin MacGeoch 0-0: Called Strike
0-1: Ball
1-1: Called Strike
1-2: Strikes out swinging
Batting: RHB Steve Neal 0-0: Called Strike
0-1: Called Strike
0-2: Ball
1-2: Ball
2-2: Fly out, F7 (Flyball, 78S)
Batting: SHB Walt Gómez 0-0: Foul Ball, location: 2F
0-1: Foul Ball, location: 2F
0-2: Foul Ball, location: 2F
0-2: Ball
1-2: Ball
2-2: Ball
3-2: Strikes out swinging
Bottom of the 6th over - 0 runs, 0 hits, 0 errors, 0 left on base; Virginia Tech 4 - Boston College 1
TOP OF THE 7TH
Virginia Tech Hokies batting - Pitching for Boston College Eagles : RHP Bobby Moody
Batting: RHB Ted Stout 0-0: Ball
1-0: Ball
2-0: Called Strike
2-1: Foul Ball, location: 2F
2-2: Ball
3-2: Base on Balls
Batting: RHB Eric Clay 0-0: Grounds into double play, 4-6-3 (Groundball, 4)
Batting: RHB Dusty Green 0-0: Ball
1-0: Ball
2-0: Ball
3-0: Base on Balls
Pitching: LHP Ken Byrd
Batting: LHB Ben Webb 0-0: Ball
1-0: Ground out 6-3 (Groundball, 6S)
Top of the 7th over - 0 runs, 0 hits, 0 errors, 1 left on base; Virginia Tech 4 - Boston College 1
BOTTOM OF THE 7TH
Boston College Eagles batting - Pitching for Virginia Tech Hokies : RHP Ken Turner
Pitching: RHP Don Watts
Batting: RHB Fernando Rosales 0-0: Fly out, F9 (Flyball, 9S)
Batting: LHB Porter Butler 0-0: Ball
1-0: Ball
2-0: Foul Ball, location: 2F
2-1: Foul Ball, location: 2F
2-2: DOUBLE (Line Drive, 89D)
Batting: RHB Chris West 0-0: Ball
1-0: Ground out 3-1 (Groundball, 34)
Porter Butler to third
Batting: RHB Shawn Hanner 0-0: Fly out, F5 (Line Drive, 5)
Bottom of the 7th over - 0 runs, 1 hit, 0 errors, 1 left on base; Virginia Tech 4 - Boston College 1
TOP OF THE 8TH
Virginia Tech Hokies batting - Pitching for Boston College Eagles : LHP Ken Byrd
Pitching: RHP John Connors
Batting: SHB Junior Campbell 0-0: Foul Ball, location: 2F
0-1: Ball
1-1: Called Strike
1-2: Strikes out swinging, 2-3 out at first.
Batting: RHB Jake Holmes 0-0: Foul Ball, location: 2F
0-1: Ball
1-1: DOUBLE (Flyball, 89D)
Batting: RHB Robbie Weatherdon 0-0: Intentional Walk
Batting: RHB Tim Wise 0-0: Called Strike
0-1: Foul Ball, location: 2F
0-2: Ball
1-2: Strikes out looking
Batting: RHB Octávio Ramérez 0-0: Ball
1-0: Ball
2-0: Called Strike
2-1: Ball
3-1: Base on Balls
Jake Holmes to third
Robbie Weatherdon to second
Batting: RHB Ted Stout 0-0: Ball
1-0: Foul Ball, location: 2F
1-1: Swinging Strike
1-2: Strikes out swinging
Top of the 8th over - 0 runs, 1 hit, 0 errors, 3 left on base; Virginia Tech 4 - Boston College 1
BOTTOM OF THE 8TH
Boston College Eagles batting - Pitching for Virginia Tech Hokies : RHP Don Watts
Batting: RHB Johnny Robertson 0-0: Ball
1-0: SINGLE (Groundball, 4MD)
Batting: SHB Héctor Arteago 0-0: Ball
1-0: Ball
2-0: Called Strike
Balk!
Johnny Robertson to second
2-1: Foul Ball, location: 2F
2-2: Foul Ball, location: 2F
2-2: Ball
3-2: SINGLE (Flyball, 78S)
Johnny Robertson to third
Batting: SHB Marvin MacGeoch 0-0: Called Strike
0-1: Ball
1-1: Fly out, F9 (Flyball, 9LM)
Runner from 3rd tags up, SCORES, throw made
Batting: RHB Steve Neal 0-0: Ball
1-0: Called Strike
1-1: Ball
2-1: Called Strike
2-2: Ball
3-2: Base on Balls
Héctor Arteago to second
Pitching: RHP Zack Quintero
Batting: SHB Walt Gómez 0-0: Ball
1-0: Ball
2-0: Called Strike
2-1: Ball
3-1: Base on Balls
Héctor Arteago to third
Steve Neal to second
Batting: RHB Fernando Rosales 0-0: Ball
1-0: Fly out, F8 (Flyball, 8LD)
Runner from 3rd tags up, SCORES, throw made
Batting: LHB Porter Butler 0-0: Swinging Strike
0-1: Foul Ball, location: 2F
0-2: Foul Ball, location: 2F
0-2: Ball
1-2: Ball
2-2: Foul Ball, location: 2F
2-2: Strikes out swinging
Bottom of the 8th over - 2 runs, 2 hits, 0 errors, 2 left on base; Virginia Tech 4 - Boston College 3
TOP OF THE 9TH
Virginia Tech Hokies batting - Pitching for Boston College Eagles : RHP John Connors
Batting: RHB Eric Clay 0-0: Ground out U3 (Groundball, 3)
Batting: RHB Dusty Green 0-0: SINGLE (Groundball, 4MD)
Batting: LHB Ben Webb 0-0: Fly out, F7 (Flyball, 7LD)
Batting: SHB Junior Campbell 0-0: Called Strike
0-1: Ball
1-1: Ball
2-1: Foul Ball, location: 2F
2-2: Fly out, F7 (Flyball, 78S)
Top of the 9th over - 0 runs, 1 hit, 0 errors, 1 left on base; Virginia Tech 4 - Boston College 3
BOTTOM OF THE 9TH
Boston College Eagles batting - Pitching for Virginia Tech Hokies : RHP Zack Quintero
Pitching: LHP Dave Lee
Batting: RHB Chris West 0-0: Ground out 1-3 (Groundball, 23)
Batting: RHB Shawn Hanner 0-0: Ball
1-0: Called Strike
1-1: Swinging Strike
1-2: Ball
2-2: Strikes out looking
Batting: RHB Johnny Robertson 0-0: Ball
1-0: Fly out, F4 (Line Drive, 34)
Bottom of the 9th over - 0 runs, 0 hits, 0 errors, 0 left on base; Virginia Tech 4 - Boston College 3
Saturday, April 7th, 2018 - OOTP Baseball 18.8 Build 76